 Dungeon Crawl Stone Soup version 0.32-a0-571-gec57dfcd37 (webtiles) character file.

Game seed: 4957935699833060864

8825 ytrimaz the Cleaver (level 11, -12/93 HPs)
             Began as a Coglin Gladiator on Mar 1, 2024.
             Was a High Priest of Okawaru.
             Mangled by a skeletal warrior
             ... wielding a +0 long sword
              (19 damage)
             ... on level 9 of the Dungeon.
             The game lasted 00:10:38 (8396 turns).

ytrimaz the Cleaver (Coglin Gladiator)              Turns: 8396, Time: 00:10:39

Health: -12/93     AC: 17    Str: 18    XL:     11   Next: 36%
Magic:  10/16      EV:  8    Int:  9    God:    Okawaru [*****.]
Gold:   513        SH:  0    Dex: 17    Spells: 10/10 levels left

rFire   . . .        a - +0 war axe (flame) {Yae}
rCold   . . .        t - +4 hand axe (freeze) {Chinhae}
rNeg    . . .        p - +0 plate armour
rPois   .            (helmet restricted)
rElec   .            l - +1 cloak
rCorr   .            s - +0 pair of gloves
SInv    .            i - +0 pair of boots
Will    .....        (amulet unavailable) Stlth
                     (ring unavailable)
HPRegen 0.35/turn    (ring unavailable)
MPRegen 0.15/turn    (no gizmo)

%: no passive effects
@: about to teleport, heroic, on berserk cooldown, slowed, revved, very slow
A: off-hand wielding, slow wielding, warmup strikes, no jewellery, horns 1, thin
skeletal structure 1, shaggy fur 1, MP-powered wands
a: Invent Gizmo, Renounce Religion, Heroism, Finesse, Duel


You were on level 9 of the Dungeon.
You worshipped Okawaru.
Okawaru was extremely pleased with you.
You visited 1 branch of the dungeon, and saw 9 of its levels.

You collected 513 gold pieces.


Innate Abilities, Weirdness & Mutations

You can wield a second weapon in your off-hand.
It takes a long time for you to wield or remove held weapons.
Your first few attacks do less damage.
You cannot equip rings or amulets.
You have a pair of small horns on your head.
You have a somewhat thin skeletal structure. (Dex +2, Stealth+)
You are covered in fur. (AC +1)
You expend magic power (3 MP) to strengthen your wands.


   Skills:
 + Level 11.1(16.1) Fighting
 + Level 11.2(16.2) Axes
 - Level 1.7(6.7) Throwing
 - Level 2.6(7.6) Dodging
 - Level 7.0 Invocations


You had 10 spell levels left.
You didn't know any spells.
Your spell library contained the following spells:

 Spells                   Type           Power      Damage    Failure   Level
 Sting                    Conj/Alch      0%         1d3       100%        1
 Blink                    Tloc           0%         N/A       100%        2
 Lesser Beckoning         Tloc           0%         N/A       100%        2
 Mercury Vapours          Alch/Air       0%         N/A       100%        2
 Momentum Strike          Conj/Tloc      0%         3d8       100%        2
 Olgreb's Toxic Radiance  Alch           0%         N/A       100%        4

Inventory:

Hand Weapons
 a - a +0 war axe of flaming (weapon) {Yae}
 f - a +0 dagger {Hayata}
 h - a +0 hand axe {Gunther}
   (You found it on level 1 of the Dungeon)
 t - a +4 hand axe of freezing (offhand) {Chinhae}
   (You took it off a wight on level 8 of the Dungeon)
 w - a +4 hand axe {Choonhe}
   (You took it off a wight on level 8 of the Dungeon)
 B - a +4 hand axe
   (You took it off a wight on level 8 of the Dungeon)
Missiles
 d - 3 throwing nets
 e - a javelin
Armour
 i - a +0 pair of boots (worn)
   (You found it on level 1 of the Dungeon)
 l - a +1 cloak (worn)
   (You found it on level 1 of the Dungeon)
 p - a +0 plate armour (worn)
   (You found it on level 3 of the Dungeon)
 s - a +0 pair of gloves (worn)
   (You found it on level 4 of the Dungeon)
Wands
 k - a wand of flame (7)
   (You took it off a kobold on level 3 of the Dungeon)
 v - a wand of digging (7)
   (You found it on level 4 of the Dungeon)
 y - a wand of mindburst (5) (quivered)
   (You found it on level 5 of the Dungeon)
Scrolls
 j - 3 scrolls of teleportation
 q - 2 scrolls of amnesia
 x - a scroll of enchant weapon
 z - 2 scrolls of enchant armour
Potions
 b - a potion of mutation
 g - 2 potions of curing
 m - 4 potions of lignification
 n - a potion of ambrosia
 o - a potion of brilliance
 r - 2 potions of attraction
 u - 2 potions of magic

Dungeon Overview and Level Annotations

Branches:
Dungeon (9/15) Zot: 26693  Temple (0/1) D:5            Lair (0/5) D:9
    Orc: D:9-12

Altars:
Gozag
Kikubaaqudgha
Makhleb
Okawaru
Qazlal
Sif Muna
Uskayaw
Vehumet
Yredelemnul
Zin

Shops:
D:2 [ D:7

! ♣.♣ ♣.♣~~≈≈
♣.♣ ♣.♣~~~≈
... ....~~~
♣♣.♣♣ .~...~~
...♣ ~≈~...~
♣♣.♣♣ ≈~≈~...
#♣...♣#
#P..c♣♣♣.~~~.#
#.E†z@..~~~.#
#P.☼o♣♣♣)~††.#
≈~≈~°g☼
#♣...♣#
~≈~°o.~ ♣♣.♣♣
.~...~~ ♣...♣
..W.~~~ ♣♣.♣♣
♣.♣~~~S ♣...♣
♣.♣~~≈≈ ♣♣.♣♣
♣.♣


You could see a skeletal warrior, a fire elemental (summoned), a wraith, an orc
warrior, a centaur, a gnoll bouda and an orc wizard.


Message History

Something appears at your feet!
A deep elf pyromancer comes into view. It is wielding a +0 dagger.
The gnoll bouda gazes fiercely through you!
You feel your attacks grow feeble.
You slash the white ugly thing with your +4 hand axe of freezing!
You freeze the white ugly thing.
You hit the white ugly thing with your +0 war axe of flaming.
You burn the white ugly thing.
The orc warrior hits you from afar with a +0 halberd.
* * * LOW HITPOINT WARNING * * *
😨 HP[-4]
You take 4 damage, and now have 51/138 hp.
Unknown command.
You slash the white ugly thing with your +0 war axe of flaming!
You burn the white ugly thing.
You slash the two-headed ogre with your +0 war axe of flaming!
You burn the two-headed ogre.
You slash the white ugly thing with your +4 hand axe of freezing!
You slash the two-headed ogre with your +4 hand axe of freezing!
You freeze the two-headed ogre. The white ugly thing claws you.
* * * LOW HITPOINT WARNING * * *
The white ugly thing freezes you!!
* * * LOW HITPOINT WARNING * * *
The deep elf pyromancer casts a spell.
An orc wizard comes into view. It is wielding a +0 dagger. 😱 HP[-24]
You take 24 damage, and now have 27/138 hp.
Unknown command.
You slash the two-headed ogre with your +4 hand axe of freezing!
You freeze the two-headed ogre.
You slash the white ugly thing with your +4 hand axe of freezing!
You slash the two-headed ogre with your +0 war axe of flaming!
You burn the two-headed ogre.
You kill the two-headed ogre!
Okawaru is honoured by your kill.
You closely miss the white ugly thing with your +0 war axe of flaming.
The orc warrior barely misses you.
The centaur wields a +0 orcbow.
The centaur shoots an arrow.
The arrow hits you but does no damage.
Your base Axes skill increases to level 11!
Unknown command.
You barely miss the white ugly thing with your +4 hand axe of freezing.
You headbutt the white ugly thing.
You kill the white ugly thing!
Okawaru accepts your kill.
You hit the yak with your +4 hand axe of freezing.
You freeze the yak.
You slash the yak with your +0 war axe of flaming!
You burn the yak.
Your base Fighting skill increases to level 11!
You now have 139 max hp (+1).
Unknown command.
Unknown command.
Things that are here:
a +0 dagger; a +0 robe; a killer bee corpse Unknown command.
You slash the yak with your +0 war axe of flaming!
You burn the yak. You headbutt the yak!
You kill the yak!
Okawaru accepts your kill. 😱 HP[+1] Unknown command.
You slash the orc with your +4 hand axe of freezing!
You freeze the orc.
You kill the orc!
Okawaru accepts your kill.
You are no longer berserk.
You are exhausted.
You feel yourself slow down. 😱 HP[-10]
You now have 93 max hp (-46).
Unknown command.
As you read the scroll of teleportation, it crumbles to dust.
You feel strangely unstable.
The centaur shoots an arrow.
The arrow closely misses you.
The centaur shoots an arrow.
The arrow hits you!
* * * LOW HITPOINT WARNING * * *
The orc wizard shouts loudly.
The deep elf pyromancer casts a spell.
The deep elf pyromancer blinks!
The orc warrior hits you but does no damage. 😱 HP[-7] MP[+1]
You take 7 damage, and now have 11/93 hp.
Unknown command.
You feel better.
Your attacks no longer feel as feeble.
The centaur unwields a +0 orcbow.
The centaur barely misses you. The centaur kicks you.
* * * LOW HITPOINT WARNING * * *
The orc warrior hits you but does no damage.
The orc warrior barely misses you.
A wraith comes into view. 😱 HP[+4]
You regained 4 hp, and now have 15/93 hp.
Unknown command.
You closely miss the skeletal warrior with your +0 war axe of flaming.
You barely miss the skeletal warrior with your +4 hand axe of freezing.
The orc warrior hits you from afar with a +0 halberd!
* * * LOW HITPOINT WARNING * * *
The skeletal warrior hits you with a +0 long sword!!
You die...

Skill      XL: |  1  2  3  4  5  6  7  8  9 10 11 |
---------------+----------------------------------+-----
Fighting       | 3 4 5 6 7 8 10 11 | 11.1
Axes           | 4 5 6 7 8 10 11 | 11.2
Invocations    | 1 2 4 5 7 |  7.0
Throwing       | |  1.7
Dodging        | |  2.6

Action                     |  1- 3 |  4- 6 |  7- 9 | 10-12 || total
---------------------------+-------+-------+-------+-------++-------
  Melee: War axe           |    80 |    98 |   146 |   152 ||   476
         Dagger            |     6 |       |       |       ||     6
         Hand axe          |    75 |    91 |   134 |   156 ||   456
         Headbutt          |       |       |    28 |    31 ||    59
 Invoke: Heroism           |       |       |       |     2 ||     2
         Finesse           |       |       |       |     1 ||     1
  Evoke: Wand              |       |     2 |    17 |     3 ||    22
    Use: Scroll            |     7 |       |     7 |     5 ||    19
         Potion            |       |       |     3 |     3 ||     6
   Stab: Sleeping          |     2 |       |       |       ||     2
         Distracted        |     1 |       |       |       ||     1
 Armour: Leather armour    |    52 |    16 |       |       ||    68
         Plate armour      |       |    94 |   160 |   183 ||   437
  Dodge: Dodged            |    57 |    29 |    54 |    61 ||   201

Levels and vault maps discovered:
D:1:      lemuel_arrival_cross, layout_loops_ring, minmay_misc_feat_nine_boxes
D:2:      layout_loops_cross, serial_shops, nicolae_shop_tiny_real_fake_doors
D:3:      minmay_inner_zag, layout_basic,
          mainiacjoe_overflow_concentric_impassable, mainiacjoe_overflow_paths,
          vehumet_altar_wand_db
D:4:      layout_basic, kennysheep_okawaru_gauntlet,
          mainiacjoe_overflow_six_doors_small, eat_drink_and_be_merry_uskayaw,
          minmay_diced_spiral
D:5:      lemuel_ice_spiral_2, layout_basic, minmay_temple_entry_statues,
          hex_intersection
D:6:      layout_gridville, bloody_makhleb, uniq_sigmund, uniq_menkaure
D:7:      layout_basic, zin_treasury, serial_shops, nicolae_shop_tiny_glass,
          serial_curves, eino_curves_03, eino_curves_03, uniq_jeremiah
D:8:      layout_loops_cross, lemuel_coloured_pillars_altar,
          mainiacjoe_overflow_24_doors, nicolae_eternal_life
D:9:      nzn_winding_woodlands_large [nzn_winding_woodlands_5x5_checkerboard,
          nzn_winding_woodlands_5x15_jagged, nzn_winding_woodlands_5x5_three,
          nzn_winding_woodlands_center_lodge,
          nzn_winding_woodlands_15x15_eel_pit,
          nzn_winding_woodlands_center_garden,
          nzn_winding_woodlands_5x5_closed_star,
          nzn_winding_woodlands_5x15_pool, nzn_winding_woodlands_5x5_cross],
          layout_rooms, minivault_4, uniq_psyche

Notes
Turn   | Place    | Note
-------+----------+-------------------------------------------
     0 | D:1      | ytrimaz the Coglin Gladiator began the quest for the Orb.
     0 | D:1      | Reached XP level 1. HP: 16/16 MP: 1/1
     0 | D:1      | magus.rc [v1.9.6]
   170 | D:1      | Reached XP level 2. HP: 23/23 MP: 2/2
   779 | D:2      | Reached XP level 3. HP: 16/28 MP: 3/3
   856 | D:2      | Found Famezoal's Armour Boutique.
  1073 | D:2      | Reached skill level 3 in Fighting
  1076 | D:2      | You pick up a book of Spatial Translocations and begin
                  | reading...
  1076 | D:2      | You add the spells Blink, Momentum Strike and Lesser
                  | Beckoning to your library.
  1506 | D:3      | Reached XP level 4. HP: 35/35 MP: 4/4
  1508 | D:3      | Reached skill level 4 in Axes
  1537 | D:3      | Found a shimmering blue altar of Sif Muna.
  1550 | D:3      | Found a radiant altar of Vehumet.
  1729 | D:3      | Reached XP level 5. HP: 36/42 MP: 5/5
  1947 | D:3      | Found a stormy altar of Qazlal.
  2505 | D:4      | Reached skill level 4 in Fighting
  2621 | D:4      | Noticed an ogre
  2628 | D:4      | Killed an ogre
  2629 | D:4      | Reached skill level 5 in Axes
  2629 | D:4      | Reached XP level 6. HP: 19/49 MP: 6/6
  2872 | D:4      | Found an iron altar of Okawaru.
  2885 | D:4      | Became a worshipper of Warmaster Okawaru
  2898 | D:4      | Found a hide-covered altar of Uskayaw.
  2975 | D:4      | Found a basalt altar of Yredelemnul.
  3183 | D:4      | Reached skill level 5 in Fighting
  3265 | D:4      | Reached skill level 1 in Invocations
  3265 | D:4      | Reached XP level 7. HP: 54/56 MP: 7/7
  3326 | D:5      | Entered Level 5 of the Dungeon
  3477 | D:5      | Reached skill level 6 in Axes
  3614 | D:5      | Reached skill level 2 in Invocations
  3725 | D:5      | Gained mutation: Your body sometimes deteriorates upon
                  | taking damage. [potion of mutation]
  3725 | D:5      | Gained mutation: You have a pair of small horns on your
                  | head. [potion of mutation]
  3733 | D:5      | Reached * piety under Okawaru
  3736 | D:5      | Lost mutation: You have a pair of small horns on your head.
                  | [potion of mutation]
  3736 | D:5      | Lost mutation: Your body sometimes deteriorates upon taking
                  | damage. [potion of mutation]
  3736 | D:5      | Gained mutation: You have a pair of small horns on your
                  | head. [potion of mutation]
  3736 | D:5      | Gained mutation: You expend magic power (3 MP) to
                  | strengthen your wands. [potion of mutation]
  3736 | D:5      | Gained mutation: You have a somewhat thin skeletal
                  | structure. (Dex +2, Stealth+) [potion of mutation]
  3736 | D:5      | Gained mutation: You are covered in fur. (AC +1) [potion of
                  | mutation]
  3886 | D:5      | Noticed a wraith
  3898 | D:5      | Killed a wraith
  3899 | D:5      | Reached skill level 6 in Fighting
  3899 | D:5      | Reached XP level 8. HP: 55/64 MP: 2/10
  3964 | D:5      | Found a staircase to the Ecumenical Temple.
  4247 | D:5      | Reached skill level 3 in Invocations
  4362 | D:5      | Identified the +7 spear of Invincibility {pain, Will+
                  | Int+4}
  4700 | D:6      | Reached skill level 7 in Axes
  4894 | D:6      | Reached ** piety under Okawaru
  5033 | D:6      | Noticed Sigmund
  5036 | D:6      | Killed Sigmund
  5037 | D:6      | Reached skill level 7 in Fighting
  5037 | D:6      | Reached skill level 4 in Invocations
  5159 | D:6      | Reached XP level 9. HP: 72/72 MP: 12/12
  5221 | D:6      | Noticed Menkaure
  5225 | D:6      | Killed Menkaure
  5227 | D:6      | Noticed a two-headed ogre
  5232 | D:6      | Killed a two-headed ogre
  5232 | D:6      | Reached *** piety under Okawaru
  5233 | D:6      | Reached skill level 8 in Fighting
  5233 | D:6      | Reached skill level 8 in Axes
  5233 | D:6      | Reached skill level 5 in Invocations
  5436 | D:6      | Found a burning altar of Makhleb.
  5776 | D:7      | Noticed Jeremiah
  5828 | D:7      | Killed Jeremiah
  5929 | D:7      | Found Lavoogaj's Distillery.
  6151 | D:7      | Reached XP level 10. HP: 82/82 MP: 14/14
  6216 | D:7      | Reached **** piety under Okawaru
  6217 | D:7      | Reached skill level 9 in Axes
  6406 | D:7      | Found a glowing silver altar of Zin.
  6553 | D:7      | Reached skill level 9 in Fighting
  6553 | D:7      | Reached skill level 6 in Invocations
  6555 | D:7      | You add the spells Sting, Mercury Vapours and Olgreb's
                  | Toxic Radiance to your library.
  6997 | D:8      | Found an opulent altar of Gozag.
  7162 | D:8      | Identified the +3 scale mail "Numalyla" {Harm rC- rCorr}
  7965 | D:8      | Found an ancient bone altar of Kikubaaqudgha.
  8054 | D:9      | Noticed a kobold demonologist
  8054 | D:9      | Noticed a kobold demonologist
  8054 | D:9      | Found a staircase to the Lair.
  8207 | D:9      | Noticed an orange demon
  8208 | D:9      | Noticed a smoke demon
  8212 | D:9      | Killed a kobold demonologist
  8218 | D:9      | Killed a kobold demonologist
  8322 | D:9      | Reached skill level 10 in Axes
  8327 | D:9      | Reached ***** piety under Okawaru
  8330 | D:9      | Reached skill level 7 in Invocations
  8337 | D:9      | Reached skill level 10 in Fighting
  8372 | D:9      | Reached XP level 11. HP: 46/91 MP: 8/16
  8373 | D:9      | Noticed a two-headed ogre
  8373 | D:9      | Noticed a white ugly thing
  8377 | D:9      | Noticed a two-headed ogre
  8380 | D:9      | Noticed a skeletal warrior
  8386 | D:9      | Killed a two-headed ogre
  8386 | D:9      | Received a gift from Okawaru
  8386 | D:9      | Noticed a deep elf pyromancer
  8388 | D:9      | HP: 27/138 [white ugly thing (24)]
  8389 | D:9      | Killed a two-headed ogre
  8390 | D:9      | Reached skill level 11 in Axes
  8390 | D:9      | Killed a white ugly thing
  8391 | D:9      | Reached skill level 11 in Fighting
  8394 | D:9      | HP: 11/93 [centaur/arrow (8)]
  8396 | D:9      | Mangled by a skeletal warrior

Vanquished Creatures
  3 two-headed ogres
  An ugly thing (D:9)
  2 kobold demonologists (D:9)
  Jeremiah (D:7)
  A troll (D:9)
  Sigmund (D:6)
  2 wyverns (D:9)
  3 yaks (D:9)
  2 wraiths
  Menkaure (D:6)
  A water moccasin (D:5)
  3 acid dragons
  2 orc warriors
  3 ice beasts
  A sky beast (D:6)
  2 black bears
  4 ogres
  3 centaurs
  2 phantoms (D:6)
  5 kobold brigands
  2 bullfrogs
  3 scorpions (D:7)
  8 wights
  12 killer bees
  2 howler monkeys (D:9)
  2 electric eels (D:9)
  A jelly (D:8)
  2 bombardier beetles
  4 hounds
  An orc priest (D:3)
  A gnoll bouda (D:7)
  2 iguanas (D:5)
  4 sleepcaps
  5 orc wizards
  3 gnolls (D:7)
  7 adders
  A shadow imp (D:6)
  2 dart slugs
  3 ribbon worms
  32 orcs
  4 ball pythons
  5 endoplasms
  9 giant cockroaches
  8 hobgoblins
  39 kobolds
  7 quokkas
  5 bats
  5 frilled lizards
  6 goblins
  2 rats (D:3)
230 creatures vanquished.

Table legend:
 A = Non-vault XP
 B = Vault XP
 C = Vault XP percentage of total XP
 D = Non-vault monster count
 E = Vault monster count
 F = Vault count percentage of total count
                 A         B        C        D         E       F
            +---------+---------+-------+---------+---------+-------
      Total |    7338 |    5270 |  41.8 |     199 |      31 |  13.5
            +---------+---------+-------+---------+---------+-------
        D:1 |      29 |       0 |   0.0 |      19 |       0 |   0.0
        D:2 |      49 |       0 |   0.0 |      15 |       0 |   0.0
        D:3 |     112 |       6 |   5.1 |      18 |       5 |  21.7
        D:4 |     301 |     144 |  32.4 |      25 |       6 |  19.4
        D:5 |     963 |       0 |   0.0 |      15 |       0 |   0.0
        D:6 |    1663 |     395 |  19.2 |      15 |       2 |  11.8
        D:7 |    1237 |     358 |  22.4 |      27 |       1 |   3.6
        D:8 |    1250 |       0 |   0.0 |      45 |       0 |   0.0
        D:9 |    1734 |    4367 |  71.6 |      20 |      17 |  45.9
            +---------+---------+-------+---------+---------+-------

Skill      XL: |  1  2  3  4  5  6  7  8  9 10 11 |
---------------+----------------------------------+-----
Fighting       | 3 4 5 6 7 8 10 11 | 11.1
Axes           | 4 5 6 7 8 10 11 | 11.2
Invocations    | 1 2 4 5 7 |  7.0
Throwing       | |  1.7
Dodging        | |  2.6

Action                     |  1- 3 |  4- 6 |  7- 9 | 10-12 || total
---------------------------+-------+-------+-------+-------++-------
  Melee: War axe           |    80 |    98 |   146 |   152 ||   476
         Dagger            |     6 |       |       |       ||     6
         Hand axe          |    75 |    91 |   134 |   156 ||   456
         Headbutt          |       |       |    28 |    31 ||    59
 Invoke: Heroism           |       |       |       |     2 ||     2
         Finesse           |       |       |       |     1 ||     1
  Evoke: Wand              |       |     2 |    17 |     3 ||    22
    Use: Scroll            |     7 |       |     7 |     5 ||    19
         Potion            |       |       |     3 |     3 ||     6
   Stab: Sleeping          |     2 |       |       |       ||     2
         Distracted        |     1 |       |       |       ||     1
 Armour: Leather armour    |    52 |    16 |       |       ||    68
         Plate armour      |       |    94 |   160 |   183 ||   437
  Dodge: Dodged            |    57 |    29 |    54 |    61 ||   201

Illustrated notes

Table legend:
 A = Kills in this place as a percentage of kills in the entire game.
 B = Kills by you in this place as a percentage of kills by you in the entire game.
 C = Kills by friends in this place as a percentage of kills by friends in the entire game.
 D = Other kills in this place as a percentage of other kills in the entire game.
 E = Experience gained in this place as a percentage of experience gained in the entire game.
 F = Experience gained in this place divided by the number of levels of this place that you have seen.
                   A       B       C       D       E      F
               +-------+-------+-------+-------+-------+----------------------
         Total | 100.0 | 100.0 |   N/A |   N/A | 100.0 | 1400.9
       Dungeon | 100.0 | 100.0 |   N/A |   N/A | 100.0 | 1400.9
               +-------+-------+-------+-------+-------+----------------------

Table legend: (Time is in decaauts)
 A = Elapsed time spent in this place.
 B = Non-inter-level travel time spent in this place.
 C = Inter-level travel time spent in this place.
 D = Time resting spent in this place.
 E = Time spent auto-exploring this place.
 F = Levels seen in this place.
 G = Mean time per level.
                   A        B        C        D        E       F      G
               +--------+--------+--------+--------+--------+-----+--------+
         Total |   8405 |   7991 |    414 |    127 |   6447 |   9 |  933.9 |
       Dungeon |   8405 |   7991 |    414 |    127 |   6447 |   9 |  933.9 |
               +--------+--------+--------+--------+--------+-----+--------+

Top non-repeatable levels by time:
     D:8: 1439 daAuts
     D:5: 1353 daAuts
     D:7: 1041 daAuts
     D:3: 989 daAuts
     D:6: 942 daAuts
     D:4: 858 daAuts
     D:2: 791 daAuts
     D:1: 722 daAuts
     D:9: 266 daAuts
